PL
BROOKLYN DODGERS @ BOSTON PATRIOTS
10/04/2020
 
TOP OF THE 1ST
Brooklyn Dodgers batting - Pitching for Boston Patriots : RHP Earnest Casey
Pitching: RHP Earnest Casey
Batting: LHB Chris Gregory 0-0: Ball
1-0: Ball
2-0: SOLO HOME RUN (Flyball, 9LD), Distance : 358 ft
Batting: LHB Pancho García 0-0: Ground out 4-3 (Groundball, 34)
Batting: RHB Thom Wilcox 0-0: Called Strike
0-1: Ball
1-1: Foul Ball, location: 2F
1-2: Ball
2-2: SINGLE (Flyball, 8RS)
Batting: LHB Ray Sears 0-0: Called Strike
0-1: Foul Ball, location: 2F
0-2: Strikes out swinging
Batting: LHB Tony Dyer 0-0: Swinging Strike
0-1: Foul Ball, location: 2F
0-2: DOUBLE (Line Drive, 89XD)
Thom Wilcox to third
Runner from 3rd tries for Home, throw and OUT!
Top of the 1st over - 1 run(s), 3 hit(s), 0 error(s), 1 left on base; Brooklyn 1 - Boston 0
BOTTOM OF THE 1ST
Boston Patriots batting - Pitching for Brooklyn Dodgers : RHP Ramón Ortega
Pitching: RHP Ramón Ortega
Batting: RHB Wilfred McLaughlin 0-0: Ball
1-0: Swinging Strike
1-1: SINGLE (Line Drive, 9S)
Batting: LHB Bill Chambers 0-0: Ball
1-0: Swinging Strike
1-1: Ball
2-1: Foul Ball, location: 2F
2-2: Fly out, F8 (Line Drive, 8LXD)
Batting: LHB Chad Armstrong 0-0: Called Strike
0-1: Called Strike
0-2: Ball
1-2: Ball
2-2: DOUBLE (Flyball, 78D)
Wilfred McLaughlin to third
Runner from 3rd tries for Home, SAFE, throw made home
Batting: LHB Roberto Rodríguez 0-0: Called Strike
0-1: Ground out 6-3 (Groundball, 4M)
Chad Armstrong to third
Batting: RHB Manuel Villarreal 0-0: Ball
1-0: Ball
2-0: Foul Ball, location: 2F
2-1: Called Strike
2-2: Foul Ball, location: 2F
2-2: Ball
3-2: DOUBLE (Flyball, 78XD)
Chad Armstrong scores
Batting: RHB Tommy Jones 0-0: Ball
1-0: Swinging Strike
1-1: Swinging Strike
1-2: Ground out 4-3 (Groundball, 4)
Bottom of the 1st over - 2 run(s), 3 hit(s), 0 error(s), 1 left on base; Brooklyn 1 - Boston 2
TOP OF THE 2ND
Brooklyn Dodgers batting - Pitching for Boston Patriots : RHP Earnest Casey
Batting: LHB Rubén López 0-0: Fly out, F9 (Flyball, 9D)
Batting: LHB Kelly Brown 0-0: Ball
1-0: Called Strike
1-1: Ball
2-1: Swinging Strike
2-2: Ball
3-2: SINGLE (Line Drive, 78M)
Batting: RHB Sean Davis Pickoff Throw to First - Out!
0-0: Fly out, F8 (Flyball, 89M)
Top of the 2nd over - 0 run(s), 1 hit(s), 0 error(s), 0 left on base; Brooklyn 1 - Boston 2
BOTTOM OF THE 2ND
Boston Patriots batting - Pitching for Brooklyn Dodgers : RHP Ramón Ortega
Batting: RHB John MacGregor 0-0: Ball
1-0: Ball
2-0: Fly out, F9 (Flyball, 89S)
Batting: SHB Earnest Casey 0-0: Ball
1-0: Foul Ball, location: 2F
1-1: Ball
2-1: Foul Ball, location: 2F
2-2: Strikes out looking
Batting: LHB Luis Rodríguez 0-0: Ground out 4-3 (Groundball, 4)
Bottom of the 2nd over - 0 run(s), 0 hit(s), 0 error(s), 0 left on base; Brooklyn 1 - Boston 2
TOP OF THE 3RD
Brooklyn Dodgers batting - Pitching for Boston Patriots : RHP Earnest Casey
Batting: RHB Ramón Ortega 0-0: Called Strike
0-1: Ball
1-1: Ball
2-1: Called Strike
2-2: Foul Ball, location: 2F
2-2: Ball
3-2: Foul Ball, location: 2F
3-2: Foul Ball, location: 2F
3-2: Strikes out swinging
Batting: LHB Chris Gregory 0-0: Called Strike
0-1: Ground out 4-3 (Groundball, 4S)
Batting: LHB Pancho García 0-0: Ball
1-0: DOUBLE (Line Drive, 89XD)
Batting: RHB Thom Wilcox 0-0: Called Strike
0-1: Ball
1-1: Ball
2-1: Ball
3-1: SINGLE (Line Drive, 56D)
Pancho García to third
Runner from 3rd tries for Home, SAFE, no throw or cutoff
Batting: LHB Ray Sears 0-0: Called Strike
0-1: Ball
1-1: Ground out U3 (Groundball, 3)
Top of the 3rd over - 1 run(s), 2 hit(s), 0 error(s), 1 left on base; Brooklyn 2 - Boston 2
BOTTOM OF THE 3RD
Boston Patriots batting - Pitching for Brooklyn Dodgers : RHP Ramón Ortega
Batting: RHB Wilfred McLaughlin 0-0: Ball
1-0: Called Strike
1-1: Ball
2-1: Ball
3-1: Foul Ball, location: 2F
3-2: Foul Ball, location: 2F
3-2: Foul Ball, location: 2F
3-2: Ground out 6-3 (Groundball, 56)
Batting: LHB Bill Chambers 0-0: Called Strike
0-1: SINGLE (Groundball, 13) (infield hit)
Batting: LHB Chad Armstrong 0-0: Ball
1-0: Called Strike
1-1: Foul Ball, location: 2F
1-2: Ball
2-2: Ball
3-2: Foul Ball, location: 2F
3-2: Grounds into double play, 4-6-3 (Groundball, 4)
Bottom of the 3rd over - 0 run(s), 1 hit(s), 0 error(s), 0 left on base; Brooklyn 2 - Boston 2
TOP OF THE 4TH
Brooklyn Dodgers batting - Pitching for Boston Patriots : RHP Earnest Casey
Batting: LHB Tony Dyer 0-0: Ball
1-0: Swinging Strike
1-1: Ball
2-1: Called Strike
2-2: Ball
3-2: SINGLE (Line Drive, 89M)
Batting: LHB Rubén López 0-0: Grounds into double play, 4-6-3 (Groundball, 4)
Batting: LHB Kelly Brown 0-0: Hit by Pitch
Batting: RHB Sean Davis 0-0: Called Strike
0-1: Ball
1-1: Ball
2-1: Foul Ball, location: 2F
2-2: Strikes out swinging
Top of the 4th over - 0 run(s), 1 hit(s), 0 error(s), 1 left on base; Brooklyn 2 - Boston 2
BOTTOM OF THE 4TH
Boston Patriots batting - Pitching for Brooklyn Dodgers : RHP Ramón Ortega
Batting: LHB Roberto Rodríguez 0-0: Ball
1-0: Ball
2-0: Ground out 6-3 (Groundball, 6M)
Batting: RHB Manuel Villarreal 0-0: Called Strike
0-1: Foul Ball, location: 2F
0-2: Ball
1-2: Ball
2-2: Strikes out swinging
Batting: RHB Tommy Jones 0-0: Ball
1-0: Ball
2-0: Foul Ball, location: 2F
2-1: Ground out 5-3 (Groundball, 15S)
Bottom of the 4th over - 0 run(s), 0 hit(s), 0 error(s), 0 left on base; Brooklyn 2 - Boston 2
TOP OF THE 5TH
Brooklyn Dodgers batting - Pitching for Boston Patriots : RHP Earnest Casey
Batting: RHB Ramón Ortega 0-0: Ball
1-0: Called Strike
1-1: Foul Ball, location: 2F
1-2: Ball
2-2: Fly out, F4 (Popup, 4D)
Batting: LHB Chris Gregory 0-0: Foul Ball, location: 2F
0-1: Ball
1-1: Fly out, F7 (Flyball, 78M)
Batting: LHB Pancho García 0-0: Called Strike
0-1: Ball
1-1: Fly out, F7 (Flyball, 7LD)
Top of the 5th over - 0 run(s), 0 hit(s), 0 error(s), 0 left on base; Brooklyn 2 - Boston 2
BOTTOM OF THE 5TH
Boston Patriots batting - Pitching for Brooklyn Dodgers : RHP Ramón Ortega
Batting: RHB John MacGregor 0-0: Ball
1-0: Swinging Strike
1-1: Swinging Strike
1-2: Ground out U3 (Groundball, 3)
Batting: SHB Earnest Casey 0-0: Ball
1-0: Called Strike
1-1: Fly out, F8 (Flyball, 8RS)
Batting: LHB Luis Rodríguez 0-0: SINGLE (Line Drive, 4MD)
Batting: RHB Wilfred McLaughlin 0-0: Called Strike
0-1: Ball
1-1: Foul Ball, location: 2F
1-2: Strikes out swinging
Bottom of the 5th over - 0 run(s), 1 hit(s), 0 error(s), 1 left on base; Brooklyn 2 - Boston 2
TOP OF THE 6TH
Brooklyn Dodgers batting - Pitching for Boston Patriots : RHP Earnest Casey
Batting: RHB Thom Wilcox 0-0: Ball
1-0: Ball
2-0: Foul Ball, location: 2F
2-1: Ball
3-1: Foul Ball, location: 2F
3-2: Base on Balls
Batting: LHB Ray Sears 0-0: Ball
1-0: Called Strike
1-1: Grounds into double play, 5-4-3 (Groundball, 56)
Batting: LHB Tony Dyer 0-0: Called Strike
0-1: Ground out 4-3 (Groundball, 34)
Top of the 6th over - 0 run(s), 0 hit(s), 0 error(s), 0 left on base; Brooklyn 2 - Boston 2
BOTTOM OF THE 6TH
Boston Patriots batting - Pitching for Brooklyn Dodgers : RHP Ramón Ortega
Batting: LHB Bill Chambers 0-0: Ground out 6-3 (Groundball, 6)
Batting: LHB Chad Armstrong 0-0: Foul Ball, location: 2F
0-1: Ground out 4-3 (Groundball, 4)
Batting: LHB Roberto Rodríguez 0-0: Called Strike
0-1: Ball
1-1: Ball
2-1: Foul Ball, location: 2F
2-2: Ground out 6-3 (Groundball, 6M)
Bottom of the 6th over - 0 run(s), 0 hit(s), 0 error(s), 0 left on base; Brooklyn 2 - Boston 2
TOP OF THE 7TH
Brooklyn Dodgers batting - Pitching for Boston Patriots : RHP Earnest Casey
Batting: LHB Rubén López 0-0: Foul Ball, location: 2F
0-1: SINGLE (Line Drive, 89S)
Batting: LHB Kelly Brown 0-0: Bunt missed!
0-1: Bunted foul
0-2: Ball
Rubén López is caught stealing 2nd base
1-2: Fly out, F5 (Popup, 25F)
Batting: RHB Sean Davis 0-0: Called Strike
0-1: Fly out, F9 (Flyball, 89M)
Top of the 7th over - 0 run(s), 1 hit(s), 0 error(s), 0 left on base; Brooklyn 2 - Boston 2
BOTTOM OF THE 7TH
Boston Patriots batting - Pitching for Brooklyn Dodgers : RHP Ramón Ortega
Batting: RHB Manuel Villarreal 0-0: SINGLE (Line Drive, 78S)
Batting: RHB Tommy Jones 0-0: Ball
1-0: Foul Ball, location: 2F
1-1: Foul Ball, location: 2F
1-2: Fly out, F2 (Popup, 23F)
Batting: RHB John MacGregor 0-0: Ball
1-0: Ball
2-0: Ball
3-0: Called Strike
3-1: Base on Balls
Manuel Villarreal to second
Batting: SHB Earnest Casey 0-0: Sac Bunt - play at first, batter OUT! 1-4
Manuel Villarreal to third
John MacGregor to second
Batting: LHB Luis Rodríguez 0-0: Ball
1-0: Called Strike
1-1: Swinging Strike
1-2: Ball
2-2: Fly out, F6 (Flyball, 8LS)
Bottom of the 7th over - 0 run(s), 1 hit(s), 0 error(s), 2 left on base; Brooklyn 2 - Boston 2
TOP OF THE 8TH
Brooklyn Dodgers batting - Pitching for Boston Patriots : RHP Earnest Casey
Pinch Hitting: LHB Ye Der 0-0: Called Strike
0-1: Ball
1-1: Ball
2-1: Ball
3-1: Base on Balls
Batting: LHB Chris Gregory 0-0: Ball
1-0: Bunt missed!
1-1: Ball
2-1: Bunted foul
2-2: Foul Ball, location: 2F
2-2: Foul Ball, location: 2F
2-2: Fly out, F8 (Flyball, 78D)
Batting: LHB Pancho García 0-0: Ball
1-0: Ball
2-0: DOUBLE (Line Drive, 78M)
Ye Der to third
Batting: RHB Thom Wilcox 0-0: Intentional Walk
Batting: LHB Ray Sears 0-0: Ball
1-0: Called Strike
1-1: Foul Ball, location: 2F
1-2: Ball
2-2: Grounds into double play, 1-2-3 (Groundball, 15)
Top of the 8th over - 0 run(s), 1 hit(s), 0 error(s), 2 left on base; Brooklyn 2 - Boston 2
BOTTOM OF THE 8TH
Boston Patriots batting - Pitching for Brooklyn Dodgers : RHP Ramón Ortega
Pitching: RHP Ted Locke
Batting: RHB Wilfred McLaughlin 0-0: Called Strike
0-1: Called Strike
0-2: Strikes out looking
Batting: LHB Bill Chambers 0-0: Fly out, F2 (Popup, 2LF)
Batting: LHB Chad Armstrong 0-0: Ball
1-0: Swinging Strike
1-1: Ground out 3-1 (Groundball, 34)
Bottom of the 8th over - 0 run(s), 0 hit(s), 0 error(s), 0 left on base; Brooklyn 2 - Boston 2
TOP OF THE 9TH
Brooklyn Dodgers batting - Pitching for Boston Patriots : RHP Earnest Casey
Batting: LHB Tony Dyer 0-0: Fly out, F9 (Flyball, 89D)
Batting: LHB Rubén López 0-0: Called Strike
0-1: Foul Ball, location: 2F
0-2: Ball
1-2: Ball
2-2: Strikes out looking
Batting: LHB Kelly Brown 0-0: Called Strike
0-1: Foul Ball, location: 2F
0-2: Ball
1-2: Fly out, F7 (Flyball, 7M)
Top of the 9th over - 0 run(s), 0 hit(s), 0 error(s), 0 left on base; Brooklyn 2 - Boston 2
BOTTOM OF THE 9TH
Boston Patriots batting - Pitching for Brooklyn Dodgers : RHP Ted Locke
Pitching: RHP José Ramos
Now at 1B: Roger Lakes
Pinch Hitting: RHB Bob Heller 0-0: SOLO HOME RUN (Flyball, 7LD), Distance : 340 ft
This league is powered by Out of the Park Baseball, the baseball management simulation game for PC, Mac and Linux
Friday, October 23rd, 2015 - OOTP Baseball 16.9 Build 39